 Dungeon Crawl Stone Soup version 0.29-a0-414-g5075937 (webtiles) character file.

Game seed: 14012751175185776693

34 Geeful the Skirmisher (level 3, -5/37 HPs)
             Began as an Ogre Gladiator on May 14, 2022.
             Slain by a hobgoblin (6 damage)
             ... led by Robin
             ... on level 1 of the Dungeon.
             The game lasted 00:06:26 (1624 turns).

Geeful the Skirmisher (Ogre Gladiator)              Turns: 1624, Time: 00:06:27

Health: -5/37      AC:  3    Str: 20    XL:     3   Next: 31%
Magic:  3/3        EV: 10    Int:  9    God:
Gold:   69         SH:  0    Dex: 10    Spells: 2/2 levels left

rFire   . . .      SeeInvis .   a - +0 flail
rCold   . . .      Faith    .   (no shield)
rNeg    . . .      Spirit   .   b - +0 robe
rPois   .          Reflect  .   c - +0 hat
rElec   .          Harm     .   (no cloak)
rCorr   .          Rampage  .   (gloves unavailable)
Will    +....                   (boots unavailable)
Stlth   +.........              (no amulet)
HPRegen 0.12/turn               i - ring of willpower
MPRegen 0.08/turn               (no ring)

@: mighty
A: large, unfitting armour, tough skin 1
a: no special abilities


You were on level 1 of the Dungeon.
You visited 1 branch of the dungeon, and saw 2 of its levels.

You collected 69 gold pieces.

Inventory:

Hand Weapons
 a - a +0 flail (weapon)
Missiles
 d - 3 throwing nets (quivered)
 e - a large rock
 j - 5 poisoned darts
Armour
 b - a +0 robe (worn)
 c - a +0 hat (worn)
Jewellery
 i - a ring of willpower (left hand)
Scrolls
 f - a scroll of fog {unknown}
 g - a scroll of identify {unknown}
 h - a scroll of summoning {unknown}
 l - a scroll of noise {unknown}


   Skills:
 + Level 3.4 Fighting
 + Level 3.0 Maces & Flails
 + Level 2.4 Throwing
 + Level 3.0 Dodging


You had 2 spell levels left.
You didn't know any spells.
Your spell library contained the following spells:

 Spells                   Type           Power      Damage    Failure   Level
 Shock                    Conj/Air       0%         1d3       38%         1
 Swiftness                Air            0%         N/A       77%         3
 Airstrike                Air            0%         N/A       99%         4


Dungeon Overview and Level Annotations

Branches:
Dungeon (2/15)

Altars:


Innate Abilities, Weirdness & Mutations

You are too large for most types of armour.
You have tough skin. (AC +1)


Message History

The goblin shoots a sling bullet.
The sling bullet barely misses you.
The sling bullet closely misses the hobgoblin.
You climb upwards.
There is a stone staircase leading down, spattered with blood here.
You see here a hobgoblin skeleton.
You barely miss Robin. The goblin hits you with a +0 club.
Robin hits you with a +0 trident. The hobgoblin hits you.
You closely miss Robin. The goblin hits you with a +0 club.
Robin hits you but does no damage. The hobgoblin hits you.
The goblin hits you with a +0 club.
Robin roars a battlecry!
The goblins go into a battle-frenzy!
The hobgoblin barely misses you.
You thump Robin!
Robin is heavily wounded.
The goblin hits you with a +0 club. Robin barely misses you.
The hobgoblin barely misses you.
You hit Robin but do no damage.
Robin is heavily wounded.
The goblin closely misses you. Robin hits you with a +0 trident.
The hobgoblin misses you.
You hit Robin.
Robin is severely wounded.
The goblin hits you with a +0 club.
* * * LOW HITPOINT WARNING * * *
Robin hits you with a +0 trident.
* * * LOW HITPOINT WARNING * * *
The hobgoblin barely misses you.
You hit Robin.
You kill Robin!
The goblin hits you but does no damage. The hobgoblin closely misses you.
Your Dodging skill increases to level 3!
It was a potion of might.
You feel very mighty all of a sudden. The goblin barely misses you.
The hobgoblin hits you.
* * * LOW HITPOINT WARNING * * *
You hit the goblin.
You kill the goblin!
The hobgoblin hits you.
You die...

##.# #........########### #.#
#........##........## #.##
#........##.#####...## ##..##
#...........# #.....# .....#
#........#### ##..... ##..##
#........# ##.### ....#
#........# #.# ###.## #...g))..#
#.# ##.#.## #####@#### ##'##
#.###.## #)# ##...## .#####.##
##.#### ##.....# #.#.....#
##...#.## ##......)
#.......######.......####........
'..P.P..................'........
#.P#≈#P..#####........###........
#.##≈##..# ##...#.#.# ##.......
#.≈≈≈≈≈..# #######.# ##.....#


You could see a hobgoblin (strong).

Vanquished Creatures
  Robin (D:1)
  A ball python (D:1)
  A bat (D:1)
  An endoplasm (D:2)
  8 goblins
  3 hobgoblins (D:1)
  2 jackals (D:2)
  A quokka (D:1)
  2 frilled lizards (D:1)
  A rat (D:1)
21 creatures vanquished.

Notes
Turn   | Place    | Note
-------+----------+-------------------------------------------
     0 | D:1      | Geeful the Ogre Gladiator began the quest for the Orb.
     0 | D:1      | Reached XP level 1. HP: 22/22 MP: 1/1
   632 | D:1      | Reached XP level 2. HP: 31/31 MP: 2/2
  1193 | D:2      | Noticed Robin
  1486 | D:1      | Reached XP level 3. HP: 21/37 MP: 3/3
  1622 | D:1      | Killed Robin
  1623 | D:1      | HP: 1/37 [hobgoblin[Robin] (3)]
  1624 | D:1      | Slain by a hobgoblin

Illustrated notes

Levels and vault maps discovered:
D:1:      eino_arrival_water_cross, layout_loops_corners, minmay_misc_feat_tower
D:2:      layout_loops_corners, uniq_robin

Skill      XL: |  1  2  3 |
---------------+----------+-----
Fighting       | 3 |  3.4
Maces & Flails | 3 |  3.0
Dodging        | 3 |  3.0
Throwing       | |  2.4

Action                   || total
-------------------------++-------
Melee: Flail             ||    54
  Use: Potion            ||     1
Armor: Robe              ||    25
Dodge: Dodged            ||    60

Table legend: (Time is in decaauts)
 A = Elapsed time spent in this place.
 B = Non-inter-level travel time spent in this place.
 C = Inter-level travel time spent in this place.
 D = Time resting spent in this place.
 E = Time spent auto-exploring this place.
 F = Levels seen in this place.
 G = Mean time per level.
                   A        B        C        D        E       F      G
               +--------+--------+--------+--------+--------+-----+--------+
         Total |   1641 |   1560 |     81 |    259 |   1081 |   2 |  820.5 |
       Dungeon |   1641 |   1560 |     81 |    259 |   1081 |   2 |  820.5 |
               +--------+--------+--------+--------+--------+-----+--------+

Top non-repeatable levels by time:
     D:1: 1382 daAuts
     D:2: 259 daAuts
